 Dungeon Crawl Stone Soup version 0.29.1-1-gd02db6906a (webtiles) character file.

Game seed: 7807282945525338432

84 keekatzer the Sneak (level 4, 0/40 HPs)
             Began as a Kobold Enchanter on Sept 29, 2022.
             Succumbed to Robin's poison
             ... on level 2 of the Dungeon.
             The game lasted 00:09:13 (1254 turns).

keekatzer the Sneak (Kobold Enchanter)              Turns: 1254, Time: 00:09:13

Health: 0/40       AC: 22    Str:  5    XL:     4   Next: 72%
Magic:  0/8        EV:  3    Int: 16    God:
Gold:   89         SH:  5    Dex: 17    Spells: 3/8 levels left

rFire   . . .      SeeInvis .   a - +1 dagger
rCold   . . .      Faith    .   (no shield)
rNeg    . . .      Spirit   .   (body armour currently unavailable)
rPois   +          Reflect  +   (helmet currently unavailable)
rElec   .          Harm     .   (cloak currently unavailable)
rCorr   .          Rampage  .   (gloves currently unavailable)
Will    .....      NoTele   +   (boots currently unavailable)
Stlth   ++++......              l - amulet of reflection
HPRegen 0.13/turn               (no ring)
MPRegen 0.11/turn               (no ring)

@: lethally poisoned (0 -> -1), tree-form
A: stationary, stasis, torment immunity, boosted hp, small, no large weapons,
nightstalker 3
a: no special abilities


You were on level 2 of the Dungeon.
You were a tree.
You visited 1 branch of the dungeon, and saw 2 of its levels.

You collected 89 gold pieces.

Inventory:

Hand Weapons
 a - a +1 dagger (weapon)
Armour
 b - a +0 robe (melded)
 i - a +0 leather armour
Jewellery
 l - an amulet of reflection (around neck)
Scrolls
 f - a scroll of noise
 h - a scroll of teleportation
Potions
 c - 2 potions of invisibility


   Skills:
 - Level 2.5 Fighting
 - Level 1.4 Short Blades
 - Level 2.4 Dodging
 - Level 4.0 Stealth
 + Level 2.8 Spellcasting
 + Level 3.4 Hexes
 + Level 1.4 Ice Magic


You had 3 spell levels left.
You knew the following spells:

 Your Spells              Type           Power      Damage    Failure   Level
a - Ensorcelled Hibernat  Hex/Ice        20%        N/A       11%         2
b - Confusing Touch       Hex            13%        N/A       14%         3

Your spell library contained the following spells:

 Spells                   Type           Power      Damage    Failure   Level
 Tukima's Dance           Hex            13%        N/A       14%         3
 Dazzling Flash           Conj/Hex       14%        N/A       28%         3


Dungeon Overview and Level Annotations

Branches:
Dungeon (2/15)

Altars:


Innate Abilities, Weirdness & Mutations

You are a tree.
Your roots penetrate the ground, keeping you stationary.
You cannot be teleported.
You are immune to unholy pain and torment.
Your maximum health is greatly increased.
Your equipment is partially melded.
You are small and have problems with some larger weapons.
You are completely attuned to the shadows.


Message History

Confirm with . or Enter, or press ? or * to list all spells.
Aiming: Ensorcelled Hibernation (safe; 11% risk of failure)
Press: ? - help, Shift-Dir - straight line, f/p - Robin
Aim: Robin, wielding a +1 whip of venom, wearing a +0 animal skin and wearing a +0 helmet of see invisible (chance to affect: 51%) Robin looks drowsy...
* * * LOW HITPOINT WARNING * * *
You feel very sick. The goblin hits you but does no damage.
The helpless Robin fails to defend themself.
You impale Robin!!
You kill Robin!
* * * LOW HITPOINT WARNING * * *
You feel sick. The goblin barely misses you.
You hit the goblin.
The goblin is moderately wounded.
* * * LOW HITPOINT WARNING * * *
You feel sick. You block the goblin's attack. x2
You hit the goblin.
You kill the goblin!
* * * LOW HITPOINT WARNING * * *
You feel sick. You block the goblin's attack.
You barely miss the goblin.
* * * LOW HITPOINT WARNING * * *
You feel sick. The goblin hits you but does no damage.
You hit the goblin.
You kill the goblin!
* * * LOW HITPOINT WARNING * * *
You feel sick.
There is a lethal amount of poison in your body!
As you read the scroll labelled SIOHIE VIKUI, it crumbles to dust.
The air around you briefly surges with heat, but it dissipates.
It was a scroll of immolation.
* * * LOW HITPOINT WARNING * * *
You feel sick.
As you read the scroll labelled WIRGHE YRPHIERA, it crumbles to dust.
It is a scroll of identify.
f - a scroll of noise
* * * LOW HITPOINT WARNING * * *
You feel sick.
You die...

. ########..
#...#♣)...
#.....#)##..
#.#.....##..
#.#####...g.
#....##..#.+
##...........
#...##..##..#
###..####....##
#....## ##..##


There were no monsters in sight!

Vanquished Creatures
  Robin (D:2)
  2 adders (D:2)
  A worm (D:2)
  4 bats
  4 endoplasms
  3 giant cockroaches
  10 goblins (D:2)
  6 hobgoblins
  4 jackals
  3 frilled lizards (D:1)
  3 kobolds (D:1)
  7 rats
48 creatures vanquished.

Notes
Turn   | Place    | Note
-------+----------+-------------------------------------------
     0 | D:1      | keekatzer the Kobold Enchanter began the quest for the Orb.
     0 | D:1      | Reached XP level 1. HP: 10/10 MP: 3/3
    72 | D:1      | Reached skill level 1 in Fighting
   136 | D:1      | Reached XP level 2. HP: 16/16 MP: 5/5
   259 | D:1      | Learned a level 2 spell: Ensorcelled Hibernation
   636 | D:1      | Reached XP level 3. HP: 22/22 MP: 6/6
   663 | D:1      | Learned a level 3 spell: Confusing Touch
   881 | D:2      | Reached XP level 4. HP: 17/27 MP: 0/7
  1058 | D:2      | Reached skill level 1 in Ice Magic
  1218 | D:2      | Noticed Robin
  1247 | D:2      | Killed Robin
  1252 | D:2      | HP: 2/40 [poisoned by Robin]
  1254 | D:2      | Succumbed to Robin's poison

Illustrated notes

Levels and vault maps discovered:
D:1:      amcnicky_arrival_choice, layout_loops_cross
D:2:      layout_basic, nicolae_ecumenical_pavilion, st_stairs_11,
          palyth_stone_intersect, uniq_robin, uniq_sigmund

Skill      XL: |  1  2  3  4 |
---------------+-------------+-----
Fighting       | 1 2 |  2.5
Ice Magic      | 1 |  1.4
Short Blades   | |  1.4
Dodging        | |  2.4
Stealth        | |  4.0
Spellcasting   | |  2.8
Hexes          | |  3.4

Action                   |  1- 3 |  4- 6 || total
-------------------------+-------+-------++-------
Melee: Dagger            |    95 |    36 ||   131
       Punch             |     1 |       ||     1
 Cast: Ensorcelled Hiber |     5 |     8 ||    13
  Use: Scroll            |       |     3 ||     3
       Potion            |       |     3 ||     3
 Stab: Sleeping          |    16 |     7 ||    23
Armor: Robe              |     9 |     1 ||    10
       Skin              |       |     8 ||     8
Dodge: Dodged            |    64 |    12 ||    76
Block: Other             |       |    11 ||    11
